Map: Temple gelé

Players

Worming

  • Race: Zerg Zerg
  • League: Diamond

ZergMachine - Winner!

  • Race: Zerg Zerg
  • League: Diamond

VOD

Have the link to the VOD?

Description

Time

  • Played on: July 5, 2016, 2:27 p.m.
  • Length: 3:50
Show
View Real Time Build Order
Export as new Build Order

Worming Zerg 

Build Orders: Hatch First 

Get SALT Encoding   

  12  0:01  Drone  
  13  0:12  Overlord  
  13  0:19  Drone  
  14  0:31  Drone x2  
  14  0:35  Drone  
  17  0:53  Hatchery  
  17  0:56  Drone  
  17  1:00  Drone  
  17  1:04  Extractor  
  17  1:14  Drone  
  18  1:19  Spawning Pool  
  18  1:23  Drone  
  18  1:32  Drone  
  19  1:39  Drone  
  20  1:52  Overlord  
  20  2:05  Metabolic Boost  
  20  2:06  Queen x2  
  20  2:07  Zergling x2  
  25  2:16  Drone x2  
  25  2:21  Drone  
  28  2:25  Drone  
  29  2:42  Spine Crawler x2  
  27  2:53  Baneling Nest  
  27  2:57  Evolution Chamber, Spine Crawler  
  25  3:06  Zergling x4  
  25  3:07  Zergling x4  
  25  3:08  Queen  
  30  3:18  Zergling x2  
  30  3:19  Zergling x4  
Show
View Real Time Build Order
Export as new Build Order

ZergMachine Zerg - Winner!

Build Orders: Pool Only 

Get SALT Encoding   

  12  0:02  Drone  
  13  0:12  Drone  
  14  0:18  Drone, Extractor  
  14  0:33  Spawning Pool  
  13  0:38  Drone  
  14  0:46  Overlord  
  14  0:53  Drone, Extractor  
  15  1:06  Drone x2  
  17  1:20  Metabolic Boost  
  17  1:21  Queen  
  19  1:40  Baneling Nest  
  19  1:41  Zergling x6  
  21  1:52  Overlord  
  21  2:03  Zergling x2  
  22  2:13  Zergling x2  
  23  2:27  Zergling x2  
  24  2:30  Zergling x2  
  24  2:31  Zergling x4  
  27  2:38  Overlord  
  27  2:43  Baneling  
  27  2:44  Baneling x5  
  27  2:45  Baneling  
  27  2:50  Zergling x2  
  28  2:59  Zergling x2  
  28  3:01  Zergling x2  
  28  3:02  Zergling x4  
  29  3:20  Zergling x2  
  30  3:32  Zergling x2  
Tags
 
Add a new tag
Caveats
  • Supply blocks, unpowered buildings, or Contaminate may cause inaccurate times.
  • Supply counts are checked every 10 seconds.